[Event "Polish Youth G16 Championship 2023"]
[Site "Jastrzebia Gora"]
[Date "2023.03.18"]
[Round "8.2"]
[White "Seemann, Pola"]
[Black "Bar, Klaudia"]
[Result "1-0"]
[ECO "C10"]
[WhiteElo "1714"]
[BlackElo "1731"]
[Annotator "NA RC COMBH"]
[PlyCount "79"]
[EventDate "2023.03.11"]
[EventType "swiss"]
[EventCountry "POL"]
[SourceTitle "playchess.com"]
[Source "ChessBase"]
[SourceQuality "1"]
[TimeControl "40/5400+30:1800+30"]

1. e4 e6 2. d4 d5 3. Nd2 dxe4 4. Nxe4 Bd7 5. Nf3 Bc6 6. Ng3 Nf6 7. Ne5 Bd6 8. Nxc6 Nxc6 9. c3 O-O 10. Be2 Ne7 11. Bf3 Rb8 12. Bg5 Ned5 13. O-O Bf4 14. Bxf4 Nxf4 15. Qd2 Ng6 16. Qc2 Qd7 17. Rad1 c6 18. Rfe1 Rbd8 19. Ne4 Nxe4 20. Qxe4 Qc7 21. g3 Rfe8 22. Bg2 Kf8 23. h4 Qa5 24. b4 Qxa2 25. h5 f5 26. Qd3 e5 27. Qxf5+ Kg8 28. hxg6 Rf8 29. Ra1 Rxf5 30. gxh7+ Kh8 31. Rxa2 exd4 32. cxd4 Rb5 33. Rxa7 Rxb4 34. Re7 Rbxd4 35. Raxb7 Rg4 36. Be4 c5 37. Rbc7 Rg5 38. Rc6 Rb8 39. Rce6 g6 40. Bxg6 1-0

[Event "Polish Youth G16 Championship 2023"]
[Site "Jastrzebia Gora"]
[Date "2023.03.18"]
[Round "8.3"]
[White "Tokarz, Izabela"]
[Black "Pawicka, Magdalena"]
[Result "1-0"]
[ECO "A57"]
[WhiteElo "1725"]
[BlackElo "1805"]
[Annotator "NA RC COMBH"]
[PlyCount "115"]
[EventDate "2023.03.11"]
[EventType "swiss"]
[EventCountry "POL"]
[SourceTitle "playchess.com"]
[Source "ChessBase"]
[SourceQuality "1"]
[TimeControl "40/5400+30:1800+30"]

1. d4 Nf6 2. c4 c5 3. d5 b5 4. cxb5 a6 5. e3 g6 6. Nc3 Bg7 7. a4 O-O 8. Nf3 d6 9. Ra3 axb5 10. Bxb5 Na6 11. e4 Nc7 12. Bc4 Ba6 13. Bxa6 Rxa6 14. O-O Qa8 15. Qc2 Rb8 16. h3 Nd7 17. Nd2 Rb4 18. b3 e6 19. dxe6 fxe6 20. Bb2 Ne5 21. Ne2 Rc6 22. f4 Nd7 23. Bxg7 Kxg7 24. f5 Ne5 25. Nc4 Nxc4 26. bxc4 Ra6 27. Qc3+ e5 28. fxg6 hxg6 29. Qf3 Qe8 30. Qf6+ Kg8 31. Raf3 Rb8 32. Qh4 Rxa4 33. Rf7 Qxf7 34. Rxf7 Kxf7 35. Qh7+ Ke6 36. Qxc7 Rb1+ 37. Kh2 Rxc4 38. Qc8+ Ke7 39. Qc7+ Ke6 40. Qc6 Rc2 41. Qe8+ Kf6 42. Qh8+ Ke6 43. Qg8+ Kf6 44. Qf8+ Ke6 45. Qf3 Rbb2 46. Nc3 c4 $18 47. Qg4+ Kf7 48. Nd5 ({Less strong is} 48. Qd7+ Kg8 $14) 48... c3 49. Qd7+ Kg8 50. Qd8+ Kg7 51. Qf6+ Kh7 52. Qf7+ Kh6 53. Qf8+ Kh5 54. Qh8+ Kg5 55. h4+ Kg4 56. Nf6+ Kf4 57. Qh6+ g5 58. Qxg5# 1-0

[Event "Polish Youth G16 Championship 2023"]
[Site "Jastrzebia Gora"]
[Date "2023.03.18"]
[Round "8.4"]
[White "Ziobrowska, Maja"]
[Black "Kawa, Anna"]
[Result "0-1"]
[ECO "B33"]
[WhiteElo "1758"]
[BlackElo "1743"]
[Annotator "NA RC COMBH"]
[PlyCount "118"]
[EventDate "2023.03.11"]
[EventType "swiss"]
[EventCountry "POL"]
[SourceTitle "playchess.com"]
[Source "ChessBase"]
[SourceQuality "1"]
[TimeControl "40/5400+30:1800+30"]

1. e4 c5 2. Nf3 Nc6 3. d4 cxd4 4. Nxd4 Nf6 5. Nc3 e5 6. Ndb5 d6 7. Bg5 a6 8. Na3 b5 9. Nd5 Be7 10. Nxe7 Nxe7 11. Bxf6 gxf6 12. Qd2 Be6 13. c4 bxc4 14. Bxc4 d5 15. exd5 Bxd5 16. Bxd5 Qxd5 17. Qxd5 Nxd5 18. g3 Nb4 19. Ke2 Ke7 20. Rhc1 Rac8 21. Rc4 Rxc4 22. Nxc4 Rc8 23. b3 Ke6 24. f4 Rc5 25. a4 exf4 26. gxf4 Rh5 27. Rh1 Rh3 28. Ne3 h5 29. Kd2 Nd5 30. Nc2 Kd6 31. b4 Nxf4 32. a5 Nd5 33. b5 axb5 34. a6 Kc7 35. Nd4 Kb6 36. a7 Kxa7 37. Nxb5+ Kb6 38. Nd6 Kc5 39. Nxf7 Kd4 40. Nh6 Ne3 41. Ke2 Ke4 42. Kf2 Kf4 43. Ng8 Ng4+ 44. Kg2 Rf3 45. Rc1 Rd3 46. Rf1+ Kg5 47. Kg1 Re3 48. Rb1 Re8 49. h3 Rxg8 50. hxg4 hxg4 51. Kg2 Ra8 52. Rb3 Ra2+ 53. Kg3 f5 54. Rb5 Ra3+ 55. Kg2 Rf3 56. Rb8 Re3 57. Kf2 Kf4 58. Rb4+ Re4 59. Rb3 g3+ 0-1

[Event "Polish Youth G16 Championship 2023"]
[Site "Jastrzebia Gora"]
[Date "2023.03.18"]
[Round "8.5"]
[White "Siekanska, Maria"]
[Black "Zapalowska, Wiktoria"]
[Result "1-0"]
[ECO "D20"]
[WhiteElo "1996"]
[BlackElo "1639"]
[Annotator "TA"]
[PlyCount "83"]
[EventDate "2023.03.11"]
[EventType "swiss"]
[EventCountry "POL"]
[SourceTitle "playchess.com"]
[Source "ChessBase"]
[SourceQuality "1"]
[TimeControl "40/5400+30:1800+30"]

1. d4 d5 2. c4 dxc4 3. e3 Nf6 4. Bxc4 e6 5. Nf3 a6 6. a4 c5 7. O-O Nc6 8. Nc3 cxd4 9. exd4 Be7 10. Re1 O-O 11. Bg5 {[%emt 0:01:12] 11.Bf4 is the modern continuation.} h6 12. Bh4 Bd7 {[%emt 0:02:23] D27: Queen's Gambit Accepted: Classical main line: 7 e4!? and 7 a4.} 13. Qe2 Nh5 14. Bxe7 Nxe7 {[%emt 0:00:07] The position is equal.} 15. Rad1 Nf6 (15... Bc6 {is more complex.} 16. Ne5 Nf4 17. Qd2 Nfd5) 16. Ne5 {[%emt 0:02:24] [#]} Be8 $146 {[%emt 0:05:22] Wards off d5} ({Predecessor:} 16... Qc7 17. Ba2 Rad8 18. Qd3 Bc6 19. Qc4 Rd6 20. b4 Qd8 21. b5 Bd5 22. Nxd5 Nexd5 {½-½ Reinderman,D (2539)-Iordachescu,V (2589) EU-ch 2nd Ohrid 2001 (10)}) 17. Qf3 Bc6 18. Nxc6 bxc6 19. Ne4 Ned5 20. Nc5 Qb6 21. b3 a5 22. h4 Ra7 23. Bd3 Nd7 24. Rc1 Nxc5 25. Rxc5 Rc8 26. Rec1 Rac7 27. Be4 Nb4 28. Bb1 Na6 {[%emt 0:01:23] [#]} 29. R5c4 {[%emt 0:02:13] Qe4 is the strong threat. White is more active.} Nb4 $2 {[%emt 0:06:06] This move loses the game for Black.} (29... Kf8 $16 {was worth a try.}) 30. Qe4 $18 g6 {[%emt 0:06:11] [#]} 31. h5 $1 gxh5 (31... Re8 32. hxg6) 32. Qh7+ Kf8 33. Qxh6+ Ke8 34. Qxh5 Nd5 35. Qf3 c5 36. Be4 {[%emt 0:03:16] And now dxc5 would win.} Nb4 $2 (36... cxd4 37. Bxd5 exd5 38. Qxd5 Rxc4 39. bxc4 Kf8) 37. Qg3 {[%emt 0:00:53] Hoping for Qg8+.} Na6 38. d5 exd5 39. Bxd5 {[%emt 0:00:12] White mates.} Re7 {[%emt 0:02:42] Black is weak on the light squares} 40. Rd1 Qh6 41. Rh4 Qf8 42. Qh3 {[%emt 0:00:08][%mdl 64] Decoy.   Weighted Error Value: White=0.06 (flawless) /Black=0.51} 1-0

[Event "Polish Youth G16 Championship 2023"]
[Site "Jastrzebia Gora"]
[Date "2023.03.18"]
[Round "8.6"]
[White "Salamon, Julia"]
[Black "Oborska, Magda"]
[Result "1/2-1/2"]
[ECO "E50"]
[WhiteElo "1701"]
[BlackElo "1613"]
[Annotator "NA RC COMBH"]
[PlyCount "91"]
[EventDate "2023.03.11"]
[EventType "swiss"]
[EventCountry "POL"]
[SourceTitle "playchess.com"]
[Source "ChessBase"]
[SourceQuality "1"]
[TimeControl "40/5400+30:1800+30"]

1. d4 Nf6 2. c4 e6 3. Nc3 Bb4 4. Nf3 O-O 5. e3 b6 6. Bd3 Bb7 7. O-O d5 8. a3 Bxc3 9. bxc3 dxc4 10. Bxc4 c5 11. Qe2 Qc7 12. Ne5 Nbd7 13. Nxd7 Qxd7 14. Rd1 Qc7 15. Bb2 Rac8 16. Rac1 Rfd8 17. f3 Qe7 18. e4 Nh5 19. Qe3 Nf6 20. Qe2 Nh5 21. Qe3 Nf6 22. Qg5 Nd5 23. Qd2 Nf6 24. Qg5 Nd5 25. Qd2 Nf6 26. Qe2 Nh5 27. Qe3 Nf6 28. Qe2 Nh5 29. Qe3 Nf6 30. Rd2 Rc7 31. Rdc2 Rcc8 32. e5 Nd5 33. Bxd5 Bxd5 34. c4 Bb7 35. Rd2 Rd7 36. dxc5 Rxd2 37. Qxd2 Qxc5+ 38. Qd4 Qxd4+ 39. Bxd4 Rd8 40. Bf2 h6 41. c5 Rc8 42. Be3 bxc5 43. Rxc5 Rxc5 44. Bxc5 a6 45. Kf2 f6 46. f4 1/2-1/2

[Event "Polish Youth G16 Championship 2023"]
[Site "Jastrzebia Gora"]
[Date "2023.03.18"]
[Round "8.7"]
[White "Szopa, Emilia"]
[Black "Giemza, Julia"]
[Result "1-0"]
[ECO "B47"]
[WhiteElo "1709"]
[BlackElo "1536"]
[Annotator "NA RC COMBH"]
[PlyCount "71"]
[EventDate "2023.03.11"]
[EventType "swiss"]
[EventCountry "POL"]
[SourceTitle "playchess.com"]
[Source "ChessBase"]
[SourceQuality "1"]
[TimeControl "40/5400+30:1800+30"]

1. e4 c5 2. Nf3 e6 3. d4 cxd4 4. Nxd4 Nc6 5. Nc3 Qc7 6. f4 a6 7. Nxc6 Qxc6 8. Bd3 Bc5 9. Qe2 Ne7 10. Bd2 d6 11. f5 Bd7 12. O-O-O O-O-O 13. Qg4 Rdg8 14. Bg5 d5 15. Bxe7 Bxe7 16. exd5 exd5 17. Qf3 Bg5+ 18. Kb1 d4 19. Be4 Qb6 20. Nd5 Qc5 21. b4 Qa7 22. Qg3 Bd8 23. Qd6 Bc6 24. Rxd4 Re8 25. f6 g6 26. Bf3 h5 27. Ne7+ Bxe7 28. fxe7 Qb8 29. Qf6 Qc7 30. Bxc6 Qxc6 31. Qf4 b5 32. Qxf7 Qb6 33. Rhd1 g5 34. Qf5+ Kb7 35. Qe4+ Kc7 36. Rd7+ 1-0

[Event "Polish Youth G16 Championship 2023"]
[Site "Jastrzebia Gora"]
[Date "2023.03.18"]
[Round "8.8"]
[White "Pastuszko, Katarzyna"]
[Black "Lazniewska, Zofia"]
[Result "0-1"]
[ECO "B36"]
[WhiteElo "1286"]
[BlackElo "1621"]
[Annotator "NA RC COMBH"]
[PlyCount "102"]
[EventDate "2023.03.11"]
[EventType "swiss"]
[EventCountry "POL"]
[SourceTitle "playchess.com"]
[Source "ChessBase"]
[SourceQuality "1"]
[TimeControl "40/5400+30:1800+30"]

1. e4 c5 2. Nf3 Nc6 3. d4 cxd4 4. Nxd4 g6 5. c4 Nf6 6. Nc3 d6 7. Be3 Ng4 8. Nd5 Nxe3 9. Nxe3 Bg7 10. Nxc6 bxc6 11. Qd2 O-O 12. Be2 Rb8 13. Rb1 Qb6 14. b4 Be6 15. O-O Rfd8 16. a4 Qa6 17. Qc2 Qb7 18. Rfc1 Rbc8 19. Qd2 Bh6 20. a5 Rb8 21. Qd4 c5 22. bxc5 Bxe3 23. Qxe3 Qxb1 24. Rxb1 Rxb1+ 25. Bf1 Bxc4 26. h3 Bxf1 27. Kh2 a6 28. c6 Rc8 29. e5 dxe5 30. Qc5 Rc7 31. Qxe5 Rxc6 32. Qxe7 Rc8 33. Qd7 Rbc1 34. Qb7 R1c5 35. Qb4 Bb5 36. Qd4 Be8 37. Qb4 Bb5 38. Qd4 Rc4 39. Qb6 Ra4 40. Qb7 Re8 41. Qb6 Ra2 42. Kg3 h6 43. Qc7 Ree2 44. Qd8+ Kh7 45. Qf8 Rxf2 46. Qa8 Rxg2+ 47. Kf3 Rgf2+ 48. Ke3 Rf5 49. Qb7 Rxa5 50. Qb6 Ra3+ 51. Ke4 Rxh3 0-1

[Event "Polish Youth G16 Championship 2023"]
[Site "Jastrzebia Gora"]
[Date "2023.03.18"]
[Round "8.9"]
[White "Zielinska, Aleksandra"]
[Black "Nieckarz, Maja"]
[Result "0-1"]
[ECO "B20"]
[WhiteElo "1613"]
[BlackElo "1493"]
[Annotator "NA RC COMBH"]
[PlyCount "90"]
[EventDate "2023.03.11"]
[EventType "swiss"]
[EventCountry "POL"]
[SourceTitle "playchess.com"]
[Source "ChessBase"]
[SourceQuality "1"]
[TimeControl "40/5400+30:1800+30"]

1. e4 c5 2. Ne2 d6 3. g3 Nc6 4. Bg2 g6 5. c3 Bg7 6. d4 cxd4 7. cxd4 Bg4 8. f3 Bd7 9. Be3 Nf6 10. O-O O-O 11. Nbc3 Na5 12. b3 Bc6 13. Rc1 b5 14. d5 Bd7 15. Nd4 b4 16. Ncb5 Ne8 17. Nc6 Bxc6 18. dxc6 a6 19. c7 Qd7 20. Bb6 axb5 21. Bxa5 Bc3 22. Bb6 Nxc7 23. Qe2 Ne6 24. Rfd1 Ra6 25. Be3 Rb8 26. f4 Qc7 27. Rc2 Ra3 28. Rd3 Qa5 29. f5 Nc5 30. Bxc5 dxc5 31. fxg6 hxg6 32. e5 Bd4+ 33. Kf1 Rb6 34. Bf3 Re6 35. Qd1 Rxa2 36. Rxd4 cxd4 37. Rc8+ Kg7 38. Ra8 Ra6 39. Rxa6 Qxa6 40. Qxd4 Qa7 41. Qxa7 Rxa7 42. h4 Ra1+ 43. Kf2 Rb1 44. Bc6 Rxb3 45. Bxb5 Rc3 0-1

[Event "Polish Youth G16 Championship 2023"]
[Site "Jastrzebia Gora"]
[Date "2023.03.18"]
[Round "8.10"]
[White "Pniewska, Beata"]
[Black "Sprzeczka, Emilia"]
[Result "0-1"]
[ECO "A10"]
[WhiteElo "1448"]
[BlackElo "1887"]
[Annotator "NA RC COMBH"]
[PlyCount "86"]
[EventDate "2023.03.11"]
[EventType "swiss"]
[EventCountry "POL"]
[SourceTitle "playchess.com"]
[Source "ChessBase"]
[SourceQuality "1"]
[TimeControl "40/5400+30:1800+30"]

1. c4 g6 2. g3 Bg7 3. Bg2 c5 4. e3 Nc6 5. Ne2 e5 6. Nbc3 Nge7 7. Nb5 (7. a3 {was preferrable.}) 7... d6 $1 8. d4 (8. Nbc3 $11) 8... cxd4 (8... a6 $17 9. Nbc3 exd4 10. exd4 Nxd4) 9. exd4 a6 10. d5 axb5 11. dxc6 Nxc6 12. cxb5 Ne7 13. Nc3 O-O 14. Bg5 f6 15. Qb3+ (15. Be3 {should be considered.}) 15... Kh8 16. Bd2 Nf5 17. Ne2 Re8 ({Resist} 17... Nd4 18. Nxd4 exd4 19. O-O $16) 18. O-O Be6 19. Bd5 Qd7 20. Rac1 Bxd5 21. Qxd5 Ne7 $1 22. Qb3 d5 $15 23. Nc3 b6 24. Na4 Qa7 25. Nc3 Qd7 26. Na4 Rab8 27. Rfd1 d4 28. Be3 Qa7 29. Bxd4 exd4 30. Rxd4 Nf5 31. Rdc4 Rb7 32. Rc8 Rbe7 33. R1c7 Qa5 34. Rxe8+ Rxe8 35. Qf7 Qe1+ 36. Kg2 Ne3+ 37. fxe3 Qe2+ 38. Kg1 Qxe3+ 39. Kg2 Qe2+ 40. Kg1 Qe1+ 41. Kg2 Re2+ 42. Kh3 Qf1+ 43. Kh4 Rxh2+ 0-1

[Event "Polish Youth G16 Championship 2023"]
[Site "Jastrzebia Gora"]
[Date "2023.03.18"]
[Round "8.11"]
[White "Kicinska, Magdalena"]
[Black "Kaczmarek, Paulina"]
[Result "0-1"]
[ECO "A65"]
[WhiteElo "1573"]
[BlackElo "1317"]
[Annotator "NA RC COMBH"]
[PlyCount "88"]
[EventDate "2023.03.11"]
[EventType "swiss"]
[EventCountry "POL"]
[SourceTitle "playchess.com"]
[Source "ChessBase"]
[SourceQuality "1"]
[TimeControl "40/5400+30:1800+30"]

1. d4 c5 2. d5 e6 3. c4 Nf6 4. Nc3 exd5 5. cxd5 d6 6. e4 a6 7. a4 g6 8. Nf3 Bg4 9. Bc4 Bxf3 10. Qxf3 Bg7 11. O-O O-O 12. Bf4 Qc7 13. Rfe1 Nbd7 14. Qg3 Ne5 15. Bxe5 dxe5 16. Rac1 Rfd8 17. Red1 Rac8 18. Qd3 Ne8 19. Ne2 Nd6 20. b4 Bh6 21. f4 cxb4 22. Bb3 Qb6+ 23. Kh1 Bg7 24. fxe5 Bxe5 25. Ng1 Bf4 26. Rxc8 Rxc8 27. Nf3 Rc3 28. Qb1 Qe3 29. Bc2 b3 30. Bd3 b2 31. Qxb2 Rxd3 32. Re1 Qc5 33. e5 Nc4 34. Qxb7 Qxd5 35. Qc8+ Kg7 36. Qxa6 Nxe5 37. Nxe5 Qxe5 38. Rf1 Re3 39. Qc4 Re1 40. g3 Rxf1+ 41. Qxf1 Qe4+ 42. Qg2 Qe1+ 43. Qg1 Bd2 44. Kg2 Qxg1+ 0-1

[Event "Polish Youth G16 Championship 2023"]
[Site "Jastrzebia Gora"]
[Date "2023.03.18"]
[Round "8.12"]
[White "Romejko, Jagoda"]
[Black "Kulczycka, Zofia"]
[Result "1/2-1/2"]
[ECO "B59"]
[WhiteElo "1483"]
[BlackElo "1547"]
[Annotator "NA RC COMBH"]
[PlyCount "121"]
[EventDate "2023.03.11"]
[EventType "swiss"]
[EventCountry "POL"]
[SourceTitle "playchess.com"]
[Source "ChessBase"]
[SourceQuality "1"]
[TimeControl "40/5400+30:1800+30"]

1. e4 c5 2. Nf3 Nc6 3. d4 cxd4 4. Nxd4 Nf6 5. Nc3 d6 6. Be2 e5 7. Nb3 Be7 8. O-O O-O 9. Be3 Be6 10. Bf3 a5 11. Nd5 a4 12. Nd2 Bxd5 13. exd5 Nb4 14. c4 Nd7 15. b3 f5 16. Nb1 e4 17. Be2 Bf6 18. Bd2 Bxa1 19. Bxb4 Be5 20. Nc3 axb3 21. axb3 Nc5 22. Nb5 Na6 23. Bc3 Bxc3 24. Nxc3 Qb6 25. Qc2 Qb4 26. Nb5 Rfd8 27. g4 Nc5 28. Rb1 f4 29. g5 f3 30. Bf1 Ra5 31. Nd4 Rda8 32. Qc1 Ra2 33. Qf4 Qd2 34. Qxd2 Rxd2 35. Nf5 Raa2 36. Nxd6 Rxf2 37. b4 Rfb2 38. Rxb2 Rxb2 39. bxc5 e3 40. c6 bxc6 41. dxc6 Rg2+ 42. Bxg2 e2 43. Kf2 fxg2 44. Kxg2 e1=Q 45. c7 Qe2+ 46. Kg1 Qg4+ 47. Kf1 Qf4+ 48. Ke1 Qe3+ 49. Kf1 Qc1+ 50. Kf2 Qb2+ 51. Kf1 Qa1+ 52. Ke2 Qe5+ 53. Kf1 Qf4+ 54. Ke1 Qe3+ 55. Kf1 Qf3+ 56. Kg1 Qd1+ 57. Kf2 Qd2+ 58. Kf1 Qc1+ 59. Kf2 Qb2+ 60. Kf1 Qb1+ 61. Ke2 1/2-1/2

[Event "Polish Youth G16 Championship 2023"]
[Site "Jastrzebia Gora"]
[Date "2023.03.18"]
[Round "8.14"]
[White "Pietryk, Joanna"]
[Black "Makarec, Anna"]
[Result "0-1"]
[ECO "C95"]
[WhiteElo "1488"]
[BlackElo "1271"]
[Annotator "NA RC COMBH"]
[PlyCount "136"]
[EventDate "2023.03.11"]
[EventType "swiss"]
[EventCountry "POL"]
[SourceTitle "playchess.com"]
[Source "ChessBase"]
[SourceQuality "1"]
[TimeControl "40/5400+30:1800+30"]

1. e4 e5 2. Nf3 Nc6 3. Bb5 a6 4. Ba4 Nf6 5. O-O Be7 6. Re1 b5 7. Bb3 d6 8. c3 O-O 9. h3 Nb8 10. d4 Nbd7 11. Bg5 h6 12. Bh4 Bb7 13. Nbd2 Re8 14. Nh2 exd4 15. cxd4 c5 16. d5 c4 17. Bc2 Nxd5 18. exd5 Bxh4 19. Rxe8+ Qxe8 20. Qh5 Bg5 21. Ne4 g6 22. Qd1 Be7 23. Qd2 Qf8 24. Re1 Nf6 25. Nxf6+ Bxf6 26. Ng4 Bg7 27. b3 Rc8 28. b4 h5 29. Nh2 Bh6 30. Qd4 Qg7 31. Qb6 Qc3 32. Re2 Bxd5 33. Qxa6 Ra8 34. Qxd6 Rxa2 35. Re8+ Kh7 36. Bxg6+ fxg6 37. Re7+ Bg7 38. Qxd5 Qc1+ 39. Nf1 Ra1 40. Qe5 Qxf1+ 41. Kh2 Qg1+ 42. Kg3 Ra3+ 43. f3 h4+ 44. Kxh4 Qf2+ 45. g3 g5+ 46. Qxg5 Qd4+ 47. f4 Ra6 48. Qf5+ Rg6 49. Re6 Qd3 50. Qh5+ Bh6 51. Rxg6 Qxg6 52. Qxb5 Qf6+ 53. Kh5 Qf7+ 54. Kh4 Bg7 55. Qc5 c3 56. b5 Qg6 57. Qc7 Kh6 58. g4 Bf6+ 59. Kg3 Qd3+ 60. Kg2 Qe2+ 61. Kh1 c2 62. g5+ Kg6 63. Qc6 Kh5 64. gxf6 Qf1+ 65. Kh2 Qxf4+ 66. Kg2 Qg5+ 67. Kf2 c1=Q 68. Qe8+ Kh4 0-1

[Event "Polish Youth G16 Championship 2023"]
[Site "Jastrzebia Gora"]
[Date "2023.03.18"]
[Round "8.15"]
[White "Bandyk, Joanna"]
[Black "Dura, Anna"]
[Result "1/2-1/2"]
[ECO "A08"]
[WhiteElo "1459"]
[BlackElo "1186"]
[Annotator "NA RC COMBH"]
[PlyCount "104"]
[EventDate "2023.03.11"]
[EventType "swiss"]
[EventCountry "POL"]
[SourceTitle "playchess.com"]
[Source "ChessBase"]
[SourceQuality "1"]
[TimeControl "40/5400+30:1800+30"]

1. e4 e6 2. d3 d5 3. Nd2 Nf6 4. Ngf3 Be7 5. g3 O-O 6. Bg2 c5 7. O-O Nc6 8. Re1 b6 9. e5 Nd7 10. Nf1 Bb7 11. h4 h6 12. N1h2 Re8 13. Bf4 Bf8 14. h5 Ne7 15. g4 g6 16. hxg6 Nxg6 17. Qd2 Kh7 18. Nf1 Bg7 19. Ng3 Rh8 20. Nh5 Qf8 21. Kh2 Re8 22. Rh1 Ndxe5 23. Nxe5 Nxe5 24. Nxg7 Qxg7 25. Kg1 Kg6 26. Qe2 f6 27. Bxe5 fxe5 28. Re1 Kf7 29. Rh3 Rhg8 30. Qxe5 Qxe5 31. Rxe5 Rxg4 32. Kf1 Reg8 33. Bf3 R4g5 34. Rxg5 hxg5 35. Bg4 e5 36. Rf3+ Ke7 37. Rh3 Rg7 38. f3 Bc6 39. Kf2 Bd7 40. Kg3 c4 41. dxc4 dxc4 42. Rh2 Be6 43. Re2 Kf6 44. Rh2 Bf5 45. Rh6+ Rg6 46. Rh7 Bxc2 47. Rxa7 e4 48. Rc7 e3 49. Rxc4 Bb1 50. f4 Bxa2 51. Rc6+ Kg7 52. Rxg6+ Kxg6 1/2-1/2

[Event "Polish Youth G16 Championship 2023"]
[Site "Jastrzebia Gora"]
[Date "2023.03.18"]
[Round "8.16"]
[White "Niedorys, Karolina"]
[Black "Bauer, Maja"]
[Result "1/2-1/2"]
[ECO "B34"]
[WhiteElo "1458"]
[BlackElo "1383"]
[Annotator "NA RC COMBH"]
[PlyCount "62"]
[EventDate "2023.03.11"]
[EventType "swiss"]
[EventCountry "POL"]
[SourceTitle "playchess.com"]
[Source "ChessBase"]
[SourceQuality "1"]
[TimeControl "40/5400+30:1800+30"]

1. e4 c5 2. Nf3 g6 3. d4 cxd4 4. Nxd4 Nc6 5. Nc3 Bg7 6. Be3 Nf6 7. f3 O-O 8. Qd2 d5 9. Nxc6 bxc6 10. exd5 Nxd5 11. Bd4 Nb4 12. Bxg7 Qxd2+ 13. Kxd2 Rd8+ 14. Bd3 Kxg7 15. Ke2 Nxd3 16. cxd3 Ba6 17. Rhd1 Rd6 18. Rd2 Rad8 19. Rad1 f5 20. f4 Kf6 21. Ke3 e5 22. fxe5+ Kxe5 23. d4+ Kf6 24. Kf2 c5 25. d5 Bb7 26. a3 c4 27. Rd4 a6 28. Rxc4 Bxd5 29. Nxd5+ Rxd5 30. Rxd5 Rxd5 31. Ke2 Ke5 1/2-1/2

[Event "Polish Youth G16 Championship 2023"]
[Site "Jastrzebia Gora"]
[Date "2023.03.18"]
[Round "8.17"]
[White "Zgoda, Aleksandra"]
[Black "Biniak, Zuzanna"]
[Result "0-1"]
[ECO "B07"]
[WhiteElo "1308"]
[BlackElo "1457"]
[Annotator "NA RC COMBH"]
[PlyCount "73"]
[EventDate "2023.03.11"]
[EventType "swiss"]
[EventCountry "POL"]
[SourceTitle "playchess.com"]
[Source "ChessBase"]
[SourceQuality "1"]
[TimeControl "40/5400+30:1800+30"]

1. d4 d6 2. e4 Nf6 3. Nc3 g6 4. Bg5 Bg7 5. e5 Nfd7 6. f4 Nb6 7. Nf3 O-O 8. Qd2 f6 9. Bh4 dxe5 10. fxe5 Bg4 11. Be2 c6 12. exf6 exf6 13. O-O-O Be6 14. h3 Nc4 15. Bxc4 Bxc4 16. Rhe1 Qa5 17. Kb1 Na6 18. b3 Bf7 19. Ne4 Qxd2 20. Rxd2 g5 21. Bg3 Rad8 22. Nd6 Rd7 23. Rde2 Rfd8 24. Nxf7 Kxf7 25. c3 Nc7 26. c4 Bf8 27. Kc2 h5 28. Rf1 Kg6 29. Ref2 Bg7 30. Nd2 Ne6 31. Ne4 Nxd4+ 32. Kc1 f5 33. Nc5 Re7 34. Rd2 Ne2+ 35. Rxe2 Rxe2 36. Nxb7 Rdd2 37. Rf2 0-1

[Event "Polish Youth G16 Championship 2023"]
[Site "Jastrzebia Gora"]
[Date "2023.03.18"]
[Round "8.18"]
[White "Nowak, Zuzanna"]
[Black "Krzysztynska, Maria"]
[Result "1-0"]
[ECO "C74"]
[WhiteElo "1427"]
[BlackElo "1335"]
[Annotator "NA RC COMBH"]
[PlyCount "69"]
[EventDate "2023.03.11"]
[EventType "swiss"]
[EventCountry "POL"]
[SourceTitle "playchess.com"]
[Source "ChessBase"]
[SourceQuality "1"]
[TimeControl "40/5400+30:1800+30"]

1. e4 e5 2. Nf3 Nc6 3. Bb5 a6 4. Ba4 d6 5. c3 Nf6 6. O-O Bg4 7. h3 Bh5 8. Bxc6+ bxc6 9. d3 h6 10. Nbd2 g5 11. d4 g4 12. hxg4 Bxg4 13. Qa4 Bd7 14. dxe5 c5 15. Qc2 Ng4 16. exd6 Bxd6 17. e5 Be7 18. Re1 Bh4 19. Ne4 Rg8 20. Nf6+ Bxf6 21. exf6+ Kf8 22. Qe4 Be6 23. Qc6 Rg6 24. Qxc5+ Kg8 25. Qe7 Qd5 26. Bf4 Rxf6 27. Rad1 Qh5 28. Rd8+ Rxd8 29. Qxd8+ Kh7 30. Bg3 Rxf3 31. gxf3 Bd5 32. Qh4 Qxh4 33. Bxh4 Bxf3 34. Re7 Kg6 35. Rxc7 1-0

[Event "Polish Youth G16 Championship 2023"]
[Site "Jastrzebia Gora"]
[Date "2023.03.18"]
[Round "8.19"]
[White "Domeradzka, Karolina"]
[Black "Michalska, Anna-Maria"]
[Result "0-1"]
[ECO "B11"]
[WhiteElo "1194"]
[BlackElo "1417"]
[Annotator "NA RC COMBH"]
[PlyCount "166"]
[EventDate "2023.03.11"]
[EventType "swiss"]
[EventCountry "POL"]
[SourceTitle "playchess.com"]
[Source "ChessBase"]
[SourceQuality "1"]
[TimeControl "40/5400+30:1800+30"]

1. e4 c6 2. Nc3 d5 3. Nf3 Bg4 4. h3 Bxf3 5. Qxf3 d4 6. Ne2 e5 7. Ng3 Nd7 8. Bc4 Qf6 9. Qxf6 Ngxf6 10. c3 b5 11. Be2 Bc5 12. b4 Bb6 13. a4 bxa4 14. Rxa4 a5 15. b5 Nc5 16. Rc4 cxb5 17. Rxc5 Bxc5 18. Bxb5+ Kd8 19. Ke2 g6 20. cxd4 Bxd4 21. d3 Nd7 22. Ba3 Bc5 23. Bxc5 Nxc5 24. Bc4 Ke7 25. Rc1 Ne6 26. Nf1 Nd4+ 27. Ke1 Rhc8 28. Ne3 Rab8 29. Nd5+ Kf8 30. Nc3 Kg7 31. Kf1 Nb3 32. Rc2 a4 33. Nxa4 Na5 34. Ke2 f5 35. exf5 gxf5 36. Ke3 Kf6 37. g3 Rb4 38. Nb2 Rxb2 39. Rxb2 Rxc4 40. Rb8 Rc7 41. Ra8 Nc6 42. Ra6 Ke6 43. f4 Kd5 44. fxe5 Nxe5 45. Ra5+ Ke6 46. Ra6+ Kf7 47. Rh6 Kg7 48. Re6 Nc6 49. Kf4 Ne7 50. Ke5 Rd7 51. d4 Rd5+ 52. Kf4 Rxd4+ 53. Ke3 Rd7 54. Kf4 Kf7 55. Ra6 Rd3 56. Ra7 Rd1 57. Kg5 Rd6 58. Rb7 Re6 59. Ra7 Rg6+ 60. Kf4 h6 61. g4 Rf6 62. Rb7 fxg4+ 63. Kxg4 Rd6 64. h4 Kg6 65. h5+ Kf6 66. Rb5 Rd4+ 67. Kg3 Rd5 68. Rb6+ Kg5 69. Rb4 Rd3+ 70. Kh2 Kxh5 71. Rb5+ Nd5 72. Rb8 Nf4 73. Rg8 Kh4 74. Kh1 Rd2 75. Kg1 Kh3 76. Kf1 Rg2 77. Rxg2 Nxg2 78. Kg1 Kg3 79. Kh1 Ne3 80. Kg1 h5 81. Kh1 h4 82. Kg1 h3 83. Kh1 Ng4 0-1

[Event "Polish Youth G16 Championship 2023"]
[Site "Jastrzebia Gora"]
[Date "2023.03.18"]
[Round "8.20"]
[White "Gajec, Roza"]
[Black "Idzior, Izabela"]
[Result "1-0"]
[ECO "C04"]
[WhiteElo "1341"]
[BlackElo "1287"]
[Annotator "NA RC COMBH"]
[PlyCount "47"]
[EventDate "2023.03.11"]
[EventType "swiss"]
[EventCountry "POL"]
[SourceTitle "playchess.com"]
[Source "ChessBase"]
[SourceQuality "1"]
[TimeControl "40/5400+30:1800+30"]

1. e4 e6 2. d4 d5 3. Nd2 Nc6 4. Ngf3 Nf6 5. e5 Nd7 6. Bb5 a6 7. Ba4 b5 8. Bb3 Na5 9. c3 c5 10. dxc5 Nc6 11. Nd4 Ncxe5 12. N2f3 Bxc5 13. O-O O-O 14. Re1 Nc4 15. Qe2 Bd6 16. Bxc4 dxc4 17. Nxe6 Qf6 18. Nxf8 Nxf8 19. Bg5 Qg6 20. Be7 Bxe7 21. Qxe7 Bd7 22. Ne5 Qe6 23. Nxd7 Qxd7 24. Rad1 1-0